 Dungeon Crawl Stone Soup version 0.18-a0-801-gb01a236 (webtiles) character file.

520 JokEr the Chopper (level 7, -2/50 HPs)
             Began as an Octopode Fighter on Dec 14, 2015.
             Splashed by a jelly's acid (10 damage)
             ... on level 5 of the Dungeon.
             The game lasted 00:08:41 (4767 turns).

JokEr the Chopper (Octopode Fighter)                Turns: 4767, Time: 00:08:43

Health: -2/50      AC: -3    Str: 17    XL:     7   Next: 21%
Magic:  7/7        EV: 10    Int: 11    God:
Gold:   248        SH:  9    Dex: 11    Spells: 0 memorised, 6 levels left

rFire  . . .     SeeInvis .     a - +1 war axe
rCold  . . .     Clarity  .     b - +1 shield
rNeg   . . .     SustAt   .     (helmet restricted)
rPois  .         Gourm    .     (no amulet)
rElec  .         Spirit   .     (no ring)
rCorr  .         Dismiss  .     (no ring)
rMut   .         Stasis   .     (no ring)
MR     .....                    (no ring)
Stlth  ++++......               (no ring)
                                (no ring)
                                (no ring)
                                (no ring)

@: corroded equipment, not resistant to hostile enchantments, stealthy
A: almost no armour, amphibious, 8 rings, constrict 8, camouflage 1, gelatinous
body 1
a: no special abilities


You were on level 5 of the Dungeon.
You were hungry.

You visited 1 branch of the dungeon, and saw 5 of its levels.

You collected 248 gold pieces.

Inventory:

Hand Weapons
 a - a +1 war axe (weapon)
Armour
 b - a +1 shield (worn)
Wands
 k - a wand of invisibility (4)
 n - a wand of random effects (44)
Scrolls
 c - a scroll of teleportation {unknown}
 e - 2 scrolls of recharging
 i - 4 scrolls of identify
 m - a scroll of remove curse {unknown}
 q - a scroll of fear
Potions
 f - a potion of lignification {unknown}
 h - 3 potions of haste
 j - a potion of resistance
 l - a potion of berserk rage {unknown}
 o - a potion of agility {unknown}
 p - a potion of ambrosia {unknown}
Comestibles
 d - 2 bread rations
 g - 4 meat rations


   Skills:
 + Level 5.2 Fighting
 + Level 5.2 Axes
 - Level 3.0 Dodging
 - Level 4.6 Stealth
 - Level 3.0 Shields


You had 6 spell levels left.
You didn't know any spells.

Dungeon Overview and Level Annotations

Branches:
Dungeon (5/15)
 Temple: D:4-7

Altars:
Ashenzari
Fedhas
Kikubaaqudgha
Okawaru
Zin
The Shining One

Shops:
D:4 (


Innate Abilities, Weirdness & Mutations

You cannot wear most types of armour.
You are amphibious.
You can wear up to eight rings at the same time.
You can use your tentacles to constrict eight enemies at once.
Your skin changes colour to match your surroundings (Stealth).
Your rubbery body absorbs attacks (AC +1).


Message History

The jelly hits you.
You are splashed with acid!
The acid corrodes you!
The acid burns!
You hit the jelly.
Your tentacles burn!
The jelly is severely wounded.
The jelly hits you.
You are splashed with acid!
The acid burns!
You block the jelly's attack.
You hit the jelly but do no damage.
Your tentacles burn!
The jelly is severely wounded.
You block the jelly's attack.
You hit the jelly but do no damage.
Your tentacles burn!
The jelly is severely wounded.
You block the jelly's attack.
You hit the jelly.
Your tentacles burn!
The jelly is almost dead.
The jelly hits you.
You are splashed with acid!
The acid burns!
* * * LOW HITPOINT WARNING * * *
The jelly hits you.
* * * LOW HITPOINT WARNING * * *
You are splashed with acid!
The acid burns!
You die...

#.# #.# .. #.# .#####.
#.## ....... #..##
##..<.... #...##
#....!...
#....#####........
#######.#....##..J......
........###^....@.......
........# ###...........
........# ###...#..###
...?....# ####...#
.......## #..# ......##
.... .....## ### .....#
.....# ### ##


You could see a jelly.

Vanquished Creatures
  A hound (D:4)
  4 orc wizards
  3 orc priests (D:4)
  Terence (D:3)
  3 worker ants
  4 gnolls (D:3)
  6 adders
  2 worms
  5 giant geckos
  14 orcs
  11 bats
  A giant cockroach (D:4)
  4 hobgoblins
  5 jackals
  2 quokkas (D:2)
  4 ball pythons
  4 giant newts
  11 goblins
  A jackal skeleton (D:4)
  6 kobolds
  7 rats
99 creatures vanquished.

Notes
Turn   | Place    | Note
--------------------------------------------------------------
     0 | D:1      | JokEr the Octopode Fighter began the quest for the Orb.
     0 | D:1      | Reached XP level 1. HP: 16/16 MP: 1/1
   387 | D:1      | Reached XP level 2. HP: 21/21 MP: 2/2
  1041 | D:1      | Reached skill level 1 in Stealth
  1059 | D:2      | Found a blossoming altar of Fedhas.
  1079 | D:2      | Reached XP level 3. HP: 26/26 MP: 3/3
  1497 | D:2      | Found a glowing golden altar of the Shining One.
  1621 | D:2      | Found a glowing silver altar of Zin.
  1937 | D:3      | Reached XP level 4. HP: 32/32 MP: 4/4
  2066 | D:3      | Found an ancient bone altar of Kikubaaqudgha.
  2342 | D:3      | Found an iron altar of Okawaru.
  2369 | D:3      | Reached XP level 5. HP: 35/37 MP: 5/5
  2388 | D:3      | Reached skill level 4 in Fighting
  3219 | D:3      | Noticed Terence
  3225 | D:3      | Killed Terence
  3225 | D:3      | Reached XP level 6. HP: 27/43 MP: 6/6
  3511 | D:4      | Found Tulokell's Weapon Emporium.
  3911 | D:4      | Reached XP level 7. HP: 49/49 MP: 7/7
  3969 | D:4      | Found a shattered altar of Ashenzari.
  4113 | D:4      | Reached skill level 5 in Fighting
  4113 | D:4      | Reached skill level 5 in Axes
  4344 | D:5      | Entered Level 5 of the Dungeon
  4767 | D:5      | Splashed by a jelly's acid

Vault maps used:
D:1:      dpeg_arrival_pits
D:2:      lemuel_round_altar, zin_treasury, fedhas_altar_1
D:3:      old_standard_altar, okawaru_gym_becter, uniq_terence
D:4:      nicolae_ashenzari_panopticon, serial_shops, nicolae_shop_stone,
          first_bread
D:5:      nicolae_overflow_crystal_walls, trog_hazing_becter, uniq_sigmund,
          uniq_crazy_yiuf_cottage

Action                   |  1- 3 |  4- 6 |  7- 9 || total
-------------------------+-------+-------+-------++-------
Melee: War axe           |    62 |    97 |    15 ||   174
  Use: Scroll            |     4 |     2 |     2 ||     8
       Potion            |       |     3 |       ||     3
 Stab: Sleeping          |    14 |     7 |     2 ||    23
  Eat: Chunk             |     3 |     5 |     2 ||    10
       Beef jerky        |       |       |     1 ||     1
